Cogmind - Beta 14 @@@ ROGUE MODE // 2024.11.26 @ 13:41:22 Player: MarKhan Result: Destroyed by as-03649 with Assembled Heavy Rifle Performance ------------- Evolutions (0) 0 Regions Visited (2) 400 Robots Destroyed (0) 0 Value Destroyed (0) 0 Prototype IDs (0) 0 Alien Tech Used (0) 0 Bonus (0) 0 TOTAL SCORE: 400 Bonus ------- None Cogmind --------- Core Integrity 0/250 Matter 300/300 Energy 98/100 System Corruption 2% Temperature Cool (0) Movement Core (50) Location -10/Mines Parts ------- > --- POWER (1) -------- (None) > --- PROPULSION (2) --- (None) > --- UTILITY (2) ------ (None) > --- WEAPON (2) ------- (None) > --- INVENTORY (5) ---- (None) Peak State ------------ None Favorites ----------- Power None Propulsion None Utility None Weapon None Build | -11 -10 -10 ------- Run | Yrd Mat Min Slots Evolved . | . . . Power . | . . . Propulsion . | . . . Utility . | . . . Weapon . | . . . Parts Attached . | . . . Power . | . . . Engine . | . . . Core . | . . . Reactor . | . . . Propulsion . | . . . Treads . | . . . Leg . | . . . Wheel . | . . . Hover . | . . . Flight . | . . . Utility . | . . . Device . | . . . Storage . | . . . Processor . | . . . Hackware . | . . . Protection . | . . . Artifact . | . . . Weapon . | . . . Energy Gun . | . . . Energy Cannon . | . . . Ballistic Gun . | . . . Ballistic Cannon . | . . . Launcher . | . . . Special Weapon . | . . . Impact Weapon . | . . . Slashing Weapon . | . . . Piercing Weapon . | . . . Special Melee Weapon . | . . . Unidentified Prototypes . | . . . Parts Lost . | . . . Power . | . . . Propulsion . | . . . Utility . | . . . Weapon . | . . . Highest Loss Streak . | . . . To Critical Strikes . | . . . Average Slot Usage (%) . | . . . Peak Build Rating . | . . . Average Rating . | . . . On Entrance . | . . . Naked Turns 597 | . 96 501 Heaviest Build . | . . . Greatest Support 3 | 3 3 3 Greatest Overweight (x) . | . . . Average Overweight (x) . | . . . Largest Inventory Capacity 5 | 5 5 5 Average Capacity 5 | 5 5 5 Most Carried . | . . . Average Carried . | . . . Final Capacity 5 | 5 5 5 Final Carried . | . . . Class Distribution -------------------- 100% | Mutant Dominant Class ---------------- Mutant | -10/Materials Mutant | -10/Mines Resources | -11 -10 -10 ----------- Run | Yrd Mat Min Matter Collected 210 | . . 210 Remotely . | . . . Salvage Created . | . . . Parts . | . . . Haulers Intercepted . | . . . Recyclers Shooed . | . . . Parts Field Recycled . | . . . Retrieved Matter . | . . . Parts Self-Destructed . | . . . Prevented . | . . . Kills | -11 -10 -10 ------- Run | Yrd Mat Min Combat Hostiles Destroyed . | . . . Classes Destroyed . | . . . Best Kill Streak . | . . . Combat Bots Only . | . . . Max Kills in Single Turn . | . . . Gunslinging . | . . . Exploded . | . . . Melee . | . . . Uniques/NPCs Destroyed . | . . . Combat | -11 -10 -10 -------- Run | Yrd Mat Min Hostile Shots Fired 30 | . 22 8 Missed 11 | . 9 2 Damage Taken 253 | . 165 88 Core 253 | . 165 88 Absorbed by Shields . | . . . Core Remaining (%) 100 | 100 . . Volleys Fired . | . . . Largest . | . . . Hottest . | . . . Shots Fired . | . . . Gun . | . . . Cannon . | . . . Launcher . | . . . Special . | . . . Kinetic . | . . . Thermal . | . . . Explosive . | . . . Electromagnetic . | . . . Robot Hit Streak . | . . . Robot Miss Streak . | . . . Penetration Max . | . . . Secondary Targets . | . . . Shots Hit Robots . | . . . Core Hits . | . . . Critical Kills . | . . . Critical Parts Destroyed . | . . . Critical Strikes . | . . . Melee Attacks . | . . . Impact . | . . . Slashing . | . . . Piercing . | . . . Sneak Attacks . | . . . Combat Hostiles . | . . . Follow-up Attacks . | . . . Damage Inflicted . | . . . Guns . | . . . Cannons . | . . . Explosions . | . . . Melee . | . . . Ramming . | . . . Kinetic . | . . . Thermal . | . . . Explosive . | . . . Electromagnetic . | . . . Impact . | . . . Slashing . | . . . Piercing . | . . . Highest Corruption 2 | . 2 2 Average Corruption 2 | . 2 2 Corruption Purged . | . . . Corruption Blocked . | . . . Effects 8 | . . 8 Message Errors 2 | . . 2 Matter Fused 1 | . . 1 Heat Flow Errors 1 | . . 1 Energy Discharges 4 | . . 4 Overload Shots . | . . . Overflow Damage . | . . . Projectiles . | . . . Explosions . | . . . Melee . | . . . Knockbacks . | . . . Impact . | . . . Kinetic . | . . . Secondary . | . . . Self-Inflicted Damage . | . . . Shots . | . . . Rammed . | . . . Targets Rammed . | . . . Kicked . | . . . Crushed . | . . . Highest Temperature 170 | . . 170 Average Temperature 95 | . . 95 Received Heat Transfer 102 | . 96 6 Siege Activations . | . . . Robots Corrupted . | . . . Combat Hostiles . | . . . Parts Fried . | . . . Impact Corruptions . | . . . Robots Melted . | . . . Combat Hostiles . | . . . Parts Melted . | . . . Heat Transferred . | . . . Parts Sabotaged . | . . . Parts Stolen . | . . . Parts Stripped . | . . . Power Chain Reactions . | . . . Alert | -11 -10 -10 ------- Run | Yrd Mat Min Peak Influence 64 | . 64 24 Initial 24 | . . 24 Average 10 | . 35 5 Maximum Alert Level . | . . . Low Security (%) 100 | 100 100 100 Level 1 . | . . . Level 2 . | . . . Level 3 . | . . . Level 4 . | . . . Level 5 . | . . . High Security . | . . . Max Security . | . . . Squads Dispatched 1 | . 1 . Investigation 1 | . 1 . Extermination . | . . . Reinforcement . | . . . Assault . | . . . Garrison . | . . . Intercept . | . . . Searches Triggered . | . . . Construction Impeded . | . . . Haulers Reinforced . | . . . Active Scanning Responses . | . . . Cargo Convoy Interrupts . | . . . Stealth | -11 -10 -10 --------- Run | Yrd Mat Min Distress Signals . | . . . Communications Jammed . | . . . Distress Signals . | . . . Times Spotted 12 | . 7 5 Peak Tracking Total 7 | . 7 3 Tactical Retreats 3 | . 1 2 Traps | -11 -10 -10 ------- Run | Yrd Mat Min Traps Triggered 1 | . 1 . Indirectly . | . . . Trap Hack Attempts . | . . . Triggered . | . . . Disarmed . | . . . Reprogrammed . | . . . Reused . | . . . Traps Extracted . | . . . Installed . | . . . Triggered . | . . . Machines | -11 -10 -10 ---------- Run | Yrd Mat Min Machines Disabled . | . . . Max in Single Turn . | . . . Machines Repaired . | . . . Machines Dismantled . | . . . Machines Sabotaged . | . . . Overloaded Fab Kills . | . . . Hacking | -11 -10 -10 --------- Run | Yrd Mat Min Machines Accessed 4 | . 3 1 Terminals 3 | . 3 . Fabricators . | . . . Repair Stations . | . . . Recycling Units . | . . . Scanalyzers . | . . . Garrison Access . | . . . Total Hacks 10 | . 9 1 Successful 6 | . 5 1 Failed 4 | . 4 . Catastrophic 1 | . 1 . Database Lockouts . | . . . Manual 9 | . 9 . Terminals 9 | . 9 . Fabricators . | . . . Repair Stations . | . . . Recycling Units . | . . . Scanalyzers . | . . . Garrison Access . | . . . Terminal Hacks 3 | . 2 1 Open Door 1 | . . 1 Zone Layout 2 | . 2 . Fabricator Hacks . | . . . Repair Station Hacks . | . . . Recycling Unit Hacks . | . . . Scanalyzer . | . . . Garrison Access Hacks . | . . . Unauthorized Hacks 3 | . 3 . Terminals 3 | . 3 . Botnet 3 | . 3 . Fabricators . | . . . Repair Stations . | . . . Recycling Units . | . . . Scanalyzers . | . . . Garrison Access . | . . . Data Cores Recovered . | . . . Used . | . . . Hacking Detections 3 | . 3 . Full Trace Events 1 | . 1 . Feedback Events . | . . . Feedback Blocked . | . . . Robot Schematics Acquired . | . . . Robots Built . | . . . Authchips . | . . . Time . | . . . Total Robot Build Rating . | . . . Part Schematics Acquired . | . . . Parts Built . | . . . Authchips . | . . . Time . | . . . Total Part Build Rating . | . . . Parts Repaired . | . . . Time . | . . . Parts Recycled . | . . . Recycled Matter . | . . . Retrieved Matter . | . . . Retrieved Components . | . . . Parts Scanalyzed . | . . . Part Schematics Acquired . | . . . Parts Damaged . | . . . Bothacking | -11 -10 -10 ------------ Run | Yrd Mat Min Used RIF Installer . | . . . Robots Hacked . | . . . Non-combat . | . . . Combat . | . . . Robot Hacks Applied . | . . . Relay Couplers Released . | . . . Fabnet Peak Effective % . | . . . Robots Rewired . | . . . Allies Hacked . | . . . Hacks Repelled . | . . . Allies | -11 -10 -10 -------- Run | Yrd Mat Min Total Allies 3 | . . 3 Largest Group 3 | . . 3 Highest-Rated Group 40 | . . 40 Highest-Rated Ally 16 | . . 16 Total Orders . | . . . Ally Attacks 7 | . . 7 Total Damage 66 | . . 66 Kills . | . . . Allies Corrupted . | . . . Allies Melted . | . . . Intel | -11 -10 -10 ------- Run | Yrd Mat Min Robot Analysis Total . | . . . Derelict Logs Recovered 1 | . . 1 Drone Launches . | . . . Drone Recoveries . | . . . Exploration | -11 -10 -10 ------------- Run | Yrd Mat Min Turns Passed 606 | 9 96 501 Spaces Moved 653 | 18 191 444 Core 653 | 18 191 444 Treads . | . . . Legs . | . . . Wheels . | . . . Hover . | . . . Flight . | . . . Fastest Speed 50 | 50 50 50 Average Speed 50 | 50 50 50 Slowest Speed 50 | 50 50 50 Overloaded Moves . | . . . Propulsion Burnouts . | . . . Robots Hopped . | . . . Cave-ins Triggered . | . . . Exploration Rate (%) 38 | 3 36 76 Regions Visited 2 Branch Regions 1 Pre-discovered Areas 1 | . . 1 Known Exits Taken . | . . . Unknown Exits Taken 2 | 1 1 . Scrap Searched 1 | . . 1 Spaces Dug . | . . . Terrain Destroyed . | . . . Melee . | . . . Projectile . | . . . AOE . | . . . Terrain Rammed . | . . . Walls Destroyed . | . . . Machines Disabled . | . . . Actions | -11 -10 -10 --------- Run | Yrd Mat Min Total 930 | 17 190 723 Wait 279 | . . 279 Move 651 | 17 190 444 Hop . | . . . Pick Up . | . . . Fast Attach . | . . . Attach . | . . . Detach . | . . . Swap . | . . . Drop . | . . . Fire . | . . . Melee . | . . . Ram . | . . . Kick . | . . . Crush . | . . . Escape Stasis . | . . . Rewire . | . . . Trap . | . . . Miscellaneous . | . . . Route ------- -11/Scrapyard -10/Materials (discovered 2 exits: *Min x2) -10/Mines History --------- Turn | Location | Event 3 | -11/Scrapyard | Discovered new exit (range 15) 10 | -11/Scrapyard | Entered Materials 79 | -10/Materials | Core integrity fell below 50% 97 | -10/Materials | Discovered new exit (range 17) 97 | -10/Materials | Discovered new exit (range 20) 106 | -10/Materials | Entered Mines 121 | -10/Mines | Learned location of Zion (-7) 121 | -10/Mines | Assisted by bots powering up and referring to "LRC-V3" 178 | -10/Mines | Assembled infested the area 183 | -10/Mines | Assisted by a Guerilla fighting off Assembled 195 | -10/Mines | Met a Derelict who couldn't figure out how to use a Trap Extractor 243 | -10/Mines | Lost 5 allies 305 | -10/Mines | Build established: Mutant 586 | -10/Mines | Core integrity fell below 20% 607 | -10/Mines | Destroyed by as-03649 with Assembled Heavy Rifle Last Messages --------------- 00195_ Machine disabled. 00213_ U-05 Engineer lays Concrete. 00227_ The unstable cave ceiling collapses. 00244_ System corrupted: Matter fused (-10). 00285_ System corrupted: Energy discharge (-28). 00329_ System corrupted: Energy discharge (-22). 00365_ MFS74%B&YELC=UQZ3BM#>RRSG#MV5T1UJ5,C 00399_ ZWYVL>5/I= KLH&4CUX|BPSEPPHC/7DU 00409_ The unstable cave ceiling collapses. 00409_ Hardlight Generator crushed. 00415_ System corrupted: Heat flow error (+195). 00494_ U-05 Engineer builds a Wall. 00503_ U-05 Engineer lays Concrete. 00503_ Acquired 67 matter. 00504_ Acquired 43 matter. 00505_ System corrupted: Energy discharge (-20). 00508_ R-06 Scavenger collects Lgt. Ion Engine. 00510_ R-06 Scavenger collects Wheel. 00532_ K-01 Serf collects debris. 00556_ System corrupted: Energy discharge (-28). Map ----- +----------------------------------------------------+ | %! # # !=*%%%!=#?????????????# # | | !* #### #### #**=#####?????????????# # | | ^# #??# [ =#%!##?????????????????# ## | | ## ##??######*%!#=#??????????????????# ## | | # ##????????# ##*#?????????????????## | | ## ########### =! ? #????????????????## ### | | ?# ##?#!! %%# ##???????????????## #?? | | ? #####%######## =##?????????????##### ##?? | | # ### [=#??????# #??????????????# ###??? | | ## ##?# ####??????# #??????????????# ##????? | | ?###??# #?????????# #??????????????# #?????? | | ??????# #?????????# #??????????????#### ##????? | | ??????# #????????? ?????????????## ##??## | | ??????# #????????? ?????######### #??# | | ??????# #?????????# ???? #??# | | ????### ###???????#### ??? ##??# | | ???## ####????????#????######### ##??# | | ???# ##????????????????????## #### | | ???# ##????????????????????# ## | | ?#### ##???????????????????# ### | | ?# ##??????????????????# ### ## | | ?# ### ## ##???????????????### ## ### | | ?# #?#####?### ##??????????????# ##### | | ?# ###????????# #####??????????# ##?? | | ## ##???????# ############ ###### ##? | | # ######### @ a #????## ## | | # ########### #?????## # | | ########### ##?????????# #??????# # | | ##?????????## #??????????# #??????## # | | ##???????????## ##???######?# #???????## ## | | ####?????????????######????# ## #????????####? | | ???????????????????????????# """ #????????????? | | ???????????????????????????# """ ####????????????? | | ???????????????????????????# """ ????????????????? | | ???????????????????????????# ?????????????????? | | ???????????????????????????# ?????????????????? | | ???????????????????????????####??????????????????? | | ?????????????????????????????????????????????????? | | | | | | | | | | | | | | | | | | | | | | | | | +----------------------------------------------------+ Best States ------------- Heat Dissipation 25 Energy Generation 5 Energy Capacity 100 Matter Stores 300 Matter Capacity 300 Sight Range 16 Terrain Scan Density 10 Evasion (%) 50 Item Schematics ----------------- None Robot Schematics ------------------ None Fabricated ------------ Nothing Alien Tech Used ----------------- None Achievements -------------- None Challenges ------------ None Game ------ Seed ActiveReinforcedCycler Manual? 0 Play Time 00:08:03 Cumulative 143.1 hours Start 2024.11.26 @ 13:36:20 End 2024.11.26 @ 13:41:22 Sessions 1 Manual Loads 0 Difficulty Rogue Special Mode None Game No. 133 Rogue 133 Adventurer 0 Explorer 0 Win Type - Total 3 Types 3/0/0/0/0/0/0/0/0 Lore% 54 Gallery% 58 Achievement% 55 Wizard Run 0 Options --------- Layout 1 ASCII 0 Keyboard 1 Movement Arrows Keybinds 0 Fullscreen 0 Font 20/Smallcaps Map View 50x35 Zoom Use 0% Tactical HUD 1 Map Filters NONE Filters NONE Steam 1 RUN: ad2a9def-9fa5-4126-8111-a2d929c79a79